[Event "NY Presidents Day GM-A 2024"]
[Site "New York"]
[Date "2024.02.17"]
[Round "3.5"]
[White "Rorrer, Grayson"]
[Black "Kaliksteyn, Alexander"]
[Result "0-1"]
[ECO "B94"]
[WhiteElo "2396"]
[BlackElo "2363"]
[Annotator "TA"]
[PlyCount "82"]
[EventDate "2024.02.14"]
[EventType "tourn"]
[EventCountry "USA"]
[SourceTitle "playchess.com"]
[Source "ChessBase"]
[SourceQuality "1"]
[TimeControl "5400+30"]

1. e4 c5 2. Nf3 d6 3. d4 cxd4 4. Nxd4 Nf6 5. Nc3 a6 6. Bg5 Nbd7 7. Be3 g6 8. f3 h5 9. a4 {[%emt 0:05:00] White is slightly better.} b6 10. Bc4 Bb7 11. Qe2 Ne5 12. Bb3 Rc8 13. O-O Bg7 14. Rad1 Qc7 $1 15. h3 Nc4 16. Ndb5 axb5 17. Nxb5 Qc6 {[%emt 0:00:57] [#] aiming for ...Nxe3.} 18. Na7 Qc7 19. Nxc8 (19. Nb5 $5 Qc6 $8 20. Na7 $11) 19... Nxe3 (19... Nxb2 $2 20. Nxb6 Nxd1 21. Rxd1 $18 (21. Qxd1 O-O $18)) 20. Nxd6+ exd6 21. Qxe3 O-O 22. Qd3 Qc5+ {[%emt 0:02:01][%mdl 1024] Black has compensation.} 23. Kh1 Ne8 24. f4 (24. e5 $11 {keeps the balance.} Bxe5 25. Qxg6+ Ng7 26. Qh6) 24... Nf6 $17 25. Rfe1 Qf2 {[%emt 0:02:10] ...Re8 is the strong threat.} 26. Qf3 {[%emt 0:02:59] [#]} (26. Re2 $1 $15 Qxf4 27. Qxd6 Qxd6 28. Rxd6 Nxe4 (28... Bxe4 29. c3 $14) 29. Rxg6) 26... Qc5 $2 (26... Qh4 $1 $17 {Threatens to win with ...Bh6.} 27. Kg1 Re8) 27. c3 (27. Qd3 $1 $11 {was the only way to keep the balance.}) 27... Re8 28. Rd4 Re7 $36 {[%emt 0:01:53][%cal Oc5f5][%mdl 2048] White is under pressure.} 29. Qd3 (29. Bc2 $15) 29... h4 ({Better is} 29... Kh7 $17 {And now ...Bh6 would win.} 30. Bc2 h4) 30. Bd1 $2 (30. e5 $1 $11 {and White is okay.} dxe5 31. Rxe5 Rxe5 32. fxe5 Qxe5 33. Qxg6 Qe1+ 34. Kh2 Qg3+ 35. Qxg3 hxg3+ 36. Kh1) 30... Nh5 31. b4 Ng3+ 32. Kh2 ({Not} 32. Qxg3 $2 Qxd4 (32... Bxd4 33. bxc5 hxg3 34. cxd6 $14) 33. cxd4 hxg3 $19) 32... Qc7 33. e5 $2 (33. Bf3) 33... dxe5 $19 {[%emt 0:00:10] Black is clearly winning.} 34. Rc4 Qb8 {[%emt 0:00:48] Strongly threatening ...e4.} 35. Kg1 e4 36. Qd2 Bh6 {[%emt 0:00:57] This pair of bishops is nice.} 37. a5 Bxf4 38. Qb2 bxa5 {[%emt 0:00:24] Hoping for ...e3.} 39. bxa5 Qa7+ 40. Qb6 Qxb6+ 41. axb6 Bd2 {[%emt 0:00:02] Weighted Error Value: White=0.73/Black=0.28 (precise) .  Loses game:     	White=1     	---        Mistake:       	White=5     	Black=2      Inaccurate:     	White=1     	Black=4      OK:         	White=12    	Black=15     Best:        	White=3     	Black=2      Strong:       	---       	Black=1} 0-1

[Event "NY Presidents Day GM-A 2024"]
[Site "New York"]
[Date "2024.02.17"]
[Round "4.1"]
[White "Lu, Maximillian"]
[Black "Kaliksteyn, Alexander"]
[Result "1/2-1/2"]
[ECO "B20"]
[WhiteElo "2371"]
[BlackElo "2363"]
[Annotator "TA"]
[PlyCount "30"]
[EventDate "2024.02.14"]
[EventType "tourn"]
[EventCountry "USA"]
[SourceTitle "playchess.com"]
[Source "ChessBase"]
[SourceQuality "1"]
[TimeControl "5400+30"]

1. e4 c5 2. b3 Nf6 3. Nc3 Nc6 4. Bb2 g6 5. f4 d6 6. Bb5 Bd7 7. Nd5 Bg7 8. Nxf6+ {[%emt 0:00:41] Die Stellung ist ausgeglichen.} Bxf6 9. Bxf6 exf6 10. Nf3 O-O 11. O-O Re8 12. d3 Nd4 13. Bxd7 Qxd7 14. c3 Nc6 15. f5 d5 {[%emt 0:00:40] Ein ziemlich ruhiges Remis.   Gewichteter Fehlerwert: Weiß=0.04 (makellos) /Schwarz=0.04 (makellos) .  Ungenau:       	Weiß=1     	---        OK:         	Weiß=4     	Schwarz=4} 1/2-1/2

[Event "NY Presidents Day GM-A 2024"]
[Site "New York"]
[Date "2024.02.17"]
[Round "4.2"]
[White "Mandizha, Farai"]
[Black "Rorrer, Grayson"]
[Result "1/2-1/2"]
[ECO "A11"]
[WhiteElo "2367"]
[BlackElo "2396"]
[Annotator "TA"]
[PlyCount "122"]
[EventDate "2024.02.14"]
[EventType "tourn"]
[EventCountry "USA"]
[SourceTitle "playchess.com"]
[Source "ChessBase"]
[SourceQuality "1"]
[TimeControl "5400+30"]

1. Nf3 Nf6 2. g3 d5 3. Bg2 c6 4. O-O Bg4 5. Ne5 Bf5 6. c4 e6 7. d4 Be7 8. Nc3 {[%emt 0:02:33] A11: English Opening: 1...c6.} O-O 9. f3 Nfd7 10. e4 $146 ({Predecessor:} 10. Nxd7 Qxd7 11. e4 Bg6 12. cxd5 cxd5 13. exd5 exd5 14. f4 Nc6 15. Nxd5 Rad8 16. Be3 {0-1 Kornilov,P (2013)-Sarana,A (2355) Voronezh op-A 18th 2014 (1)}) 10... Nxe5 11. cxd5 exd5 12. exf5 Nc4 13. b3 Nd6 14. g4 Re8 15. Re1 Na6 16. Bf4 Qd7 17. Qd2 Bh4 18. Re5 f6 19. Re2 Nf7 20. Be3 Re7 21. Rf1 Rae8 22. f4 g5 23. fxg6 hxg6 24. Bf3 Kg7 25. Bf2 Bxf2+ 26. Rfxf2 Nd6 27. Rxe7+ Rxe7 28. h3 (28. f5 $11) 28... Nc7 29. Re2 (29. f5 $1 $11) 29... Ndb5 (29... Kf8 $17) 30. Rxe7+ Qxe7 31. Ne2 (31. Nxb5 $11 Nxb5 32. Kg2) 31... Ne6 (31... Nd6 $17) 32. Kg2 f5 33. Qe3 Qd6 34. h4 b6 35. b4 Kf7 36. h5 gxh5 37. gxf5 Ng7 38. a4 (38. Qe5 {simplifies} Qxe5 39. dxe5 Nxf5 40. Bxh5+ Ke7 41. a4) 38... Nc7 39. Qe5 Qxe5 40. dxe5 Nxf5 41. Bxh5+ Ke7 (41... Kg7 $11 {keeps the balance.}) 42. Bg4 $16 Ne3+ (42... Nh6 $16 43. Kf3 Nxg4 44. Kxg4 c5) 43. Kf3 $18 Nc2 $2 (43... Nxg4 44. Kxg4 c5) 44. f5 $18 Nxb4 {[%emt 0:01:30] [#]} (44... Kf7 $142 45. Kf4 Kg8 (45... Nxb4 $2 46. f6 $18)) 45. f6+ $1 $18 Kd8 46. e6 (46. Nf4 $142 Nc2 47. e6 Nd4+ 48. Kg3 Ncxe6 49. Bxe6 (49. Nxe6+ Nxe6 50. Bxe6 a6 $18) 49... Nxe6 50. Nxe6+ Ke8 51. Kf4) 46... Nd3 47. e7+ Ke8 48. Bh5+ Kd7 49. Bg4+ $2 ({White should play} 49. Nd4 $18 a6 50. Ke3) 49... Kd6 $11 50. Bh5 Ke6 51. Nd4+ (51. e8=Q+ Nxe8 52. Bxe8 Kxf6) 51... Kxf6 52. Nxc6 (52. e8=B c5 53. Ke3 Nb4 $15) 52... Ne5+ 53. Nxe5 Kxe5 (53... Kxe7 {simplifies} 54. Nc6+ Kd6 55. Nxa7 Kc5) 54. Ke3 (54. e8=Q+ {simplifies} Nxe8 55. Bxe8 a6 56. Bf7) 54... Kd6 55. e8=Q Nxe8 56. Bxe8 Kc5 $1 57. Kd3 Kb4 58. Kd4 a6 59. Kxd5 b5 60. axb5 axb5 ({Of course not} 60... Ka5 $6 61. Kd4 $16 (61. Kc4 axb5+ 62. Kb3 b4 $16)) 61. Bxb5 Kxb5 1/2-1/2

[Event "NY Presidents Day GM-A 2024"]
[Site "New York"]
[Date "2024.02.17"]
[Round "4.3"]
[White "Lenderman, Aleksandr"]
[Black "Yu, Jiangwei"]
[Result "1/2-1/2"]
[ECO "A11"]
[WhiteElo "2521"]
[BlackElo "2357"]
[Annotator "RC"]
[PlyCount "67"]
[EventDate "2024.02.14"]
[EventType "tourn"]
[EventCountry "USA"]
[SourceTitle "playchess.com"]
[Source "ChessBase"]
[SourceQuality "1"]
[TimeControl "5400+30"]

1. c4 c6 2. Nf3 d5 3. g3 Bg4 4. Bg2 e6 5. O-O Nf6 6. Qb3 Qb6 7. d3 Nbd7 8. Be3 Bc5 9. Bxc5 Nxc5 10. Qa3 O-O 11. Rc1 Rfc8 12. Nbd2 a5 13. Qc3 Qb4 14. h3 Bxf3 15. Bxf3 e5 16. d4 exd4 17. Qxd4 Ne6 18. Qc3 Rc7 19. Qxb4 axb4 20. cxd5 cxd5 21. Rxc7 Nxc7 22. Nb3 Ne6 23. Bg4 Rc8 24. Bxe6 fxe6 25. Rc1 Rc4 26. f3 b5 27. Kf2 e5 28. e3 Nd7 29. Ke2 Kf7 30. Kd2 Ke6 31. Ra1 Nb6 32. Nc1 Rc7 33. Nd3 e4 34. fxe4 1/2-1/2

[Event "NY Presidents Day GM-A 2024"]
[Site "New York"]
[Date "2024.02.17"]
[Round "4.4"]
[White "Eidelman, Gabriel"]
[Black "Novik, Maxim"]
[Result "1/2-1/2"]
[ECO "D04"]
[WhiteElo "2343"]
[BlackElo "2399"]
[Annotator "TA"]
[PlyCount "47"]
[EventDate "2024.02.14"]
[EventType "tourn"]
[EventCountry "USA"]
[SourceTitle "playchess.com"]
[Source "ChessBase"]
[SourceQuality "1"]
[TimeControl "5400+30"]

1. d4 Nf6 2. Nf3 g6 3. Nbd2 d5 4. b3 Bg7 5. Bb2 O-O 6. e3 a5 7. a4 c6 8. Be2 Na6 9. Ne5 Nd7 10. Nd3 Re8 11. c4 Nb6 12. cxd5 cxd5 13. O-O Bf5 14. Nb1 Bxd3 15. Bxd3 Nc8 16. Na3 Nd6 17. Nb5 Nb4 18. Nxd6 (18. Rc1 $14) 18... Qxd6 $11 {[%emt 0:00:08] The position is equal.} 19. Qd2 Rec8 20. Rac1 e6 21. Bb5 Bf8 22. Rxc8 Rxc8 23. Rc1 {[%emt 0:00:06] Prevents Rc2.} Qd8 24. g3 {[%emt 0:02:26] Weighted Error Value: White=0.10 (very precise) /Black=0.10 (very precise) .  Mistake:       	White=1     	---        Inaccurate:     	White=1     	Black=1      OK:         	White=4     	Black=3      Best:        	---       	Black=1} 1/2-1/2

[Event "NY Presidents Day GM-A 2024"]
[Site "New York"]
[Date "2024.02.17"]
[Round "4.5"]
[White "Paragua, Mark"]
[Black "Griffith, Kyron"]
[Result "1/2-1/2"]
[ECO "E08"]
[WhiteElo "2448"]
[BlackElo "2367"]
[Annotator "TA"]
[PlyCount "31"]
[EventDate "2024.02.14"]
[EventType "tourn"]
[EventCountry "USA"]
[SourceTitle "playchess.com"]
[Source "ChessBase"]
[SourceQuality "1"]
[TimeControl "5400+30"]

1. Nf3 Nf6 2. c4 e6 3. g3 d5 4. Bg2 Be7 5. O-O O-O 6. d4 Nbd7 7. Qc2 c6 8. b3 b6 9. Bf4 Bb7 10. Ne5 Nxe5 11. Bxe5 {[%emt 0:00:12] Black is slightly better.} Rc8 (11... Ng4 {seems wilder.} 12. Bf4 dxc4 13. Rd1 cxb3 14. axb3 Qc8) 12. Rd1 Bd6 ({Black should try} 12... Qe8 $15) 13. Bxd6 $14 Qxd6 14. Nc3 h6 15. Rac1 Rfd8 16. e3 {[%emt 0:00:06] Weighted Error Value: White=0.13 (very precise) /Black=0.20 (precise) .  Mistake:       	---       	Black=1      Inaccurate:     	White=2     	---        OK:         	White=3     	Black=2} 1/2-1/2

[Event "NY Presidents Day GM-A 2024"]
[Site "New York"]
[Date "2024.02.18"]
[Round "5.1"]
[White "Griffith, Kyron"]
[Black "Lu, Maximillian"]
[Result "0-1"]
[ECO "B53"]
[WhiteElo "2367"]
[BlackElo "2371"]
[Annotator "RC"]
[PlyCount "94"]
[EventDate "2024.02.14"]
[EventType "tourn"]
[EventCountry "USA"]
[SourceTitle "playchess.com"]
[Source "ChessBase"]
[SourceQuality "1"]
[TimeControl "5400+30"]

1. e4 c5 2. Nf3 d6 3. d4 cxd4 4. Qxd4 Nc6 5. Qd3 f5 6. exf5 Qa5+ 7. Bd2 Qxf5 8. Na3 Nf6 9. Nb5 Rb8 10. O-O-O a6 11. Nbd4 Qxd3 12. Bxd3 Ng4 13. Rdf1 g6 14. h4 Bg7 15. Nb3 b5 16. Kb1 Nce5 17. Nxe5 Nxe5 18. Bc3 O-O 19. Be4 Be6 20. f4 Bc4 21. Re1 Rxf4 22. h5 Ng4 23. Bxg7 Kxg7 24. g3 Rff8 25. hxg6 hxg6 26. Na5 Nf2 27. Rh4 Bg8 28. Bg2 e5 29. a4 e4 30. axb5 Rxb5 31. Nc6 g5 32. Rh5 Bf7 33. Rh2 Bg6 34. Bf1 Rd5 35. Ne7 Rd2 36. Nxg6 Kxg6 37. Bxa6 d5 38. b4 d4 39. b5 e3 40. b6 Rf6 41. b7 Rb6+ 42. Kc1 Ne4 43. Bd3 Rxh2 44. Bxe4+ Kf6 45. c4 Ke5 46. Bf3 g4 47. Bd5 d3 0-1

[Event "NY Presidents Day GM-A 2024"]
[Site "New York"]
[Date "2024.02.18"]
[Round "5.2"]
[White "Novik, Maxim"]
[Black "Paragua, Mark"]
[Result "1/2-1/2"]
[ECO "B22"]
[WhiteElo "2399"]
[BlackElo "2448"]
[Annotator "TA"]
[PlyCount "33"]
[EventDate "2024.02.14"]
[EventType "tourn"]
[EventCountry "USA"]
[SourceTitle "playchess.com"]
[Source "ChessBase"]
[SourceQuality "1"]
[TimeControl "5400+30"]

1. e4 c5 2. c3 g6 3. d4 cxd4 4. cxd4 d5 5. exd5 Qxd5 6. Nc3 Qd8 7. Bc4 Bg7 8. Qb3 e6 {[%emt 0:00:34][%cal Ob8c6] White is slightly better.} 9. Nf3 ({White should play} 9. d5 $16) 9... Ne7 10. d5 {[%emt 0:04:10] Dodges Nbc6} exd5 11. Nxd5 {[%emt 0:02:46] [#] aiming for Bg5.} Nxd5 12. Bxd5 O-O {[%emt 0:00:15] The position is equal.} 13. O-O {[%emt 0:00:14][%cal Of3g5] With the idea Ng5! Active counter play!} Nc6 14. Rd1 {[%emt 0:04:25][%cal Od5f7] Bxf7+! is the strong threat.} Qb6 15. Qxb6 axb6 16. Be3 Nb4 17. Bb3 {[%emt 0:12:28] Weighted Error Value: White=0.14 (very precise) /Black=0.05 (flawless) .  Mistake:       	White=1     	---        Inaccurate:     	White=1     	---        OK:         	White=4     	Black=6      Best:        	White=1     	---} 1/2-1/2

[Event "NY Presidents Day GM-A 2024"]
[Site "New York"]
[Date "2024.02.18"]
[Round "5.3"]
[White "Yu, Jiangwei"]
[Black "Eidelman, Gabriel"]
[Result "1/2-1/2"]
[ECO "E59"]
[WhiteElo "2357"]
[BlackElo "2343"]
[Annotator "TA"]
[PlyCount "61"]
[EventDate "2024.02.14"]
[EventType "tourn"]
[EventCountry "USA"]
[SourceTitle "playchess.com"]
[Source "ChessBase"]
[SourceQuality "1"]
[TimeControl "5400+30"]

1. d4 Nf6 2. c4 e6 3. Nc3 Bb4 4. e3 O-O 5. Bd3 d5 6. a3 Bxc3+ 7. bxc3 dxc4 8. Bxc4 c5 9. Nf3 Qc7 10. Be2 Nc6 11. O-O e5 12. d5 e4 $1 13. dxc6 Ng4 14. h3 exf3 {[%emt 0:00:42][%csl Gg4][%cal Rc7h2] [#]} 15. hxg4 fxe2 16. Qxe2 Qxc6 17. e4 Qa4 18. Bg5 b6 19. Rfd1 Ba6 20. Qe3 f6 21. Bf4 Rad8 22. Bd6 (22. Qe1 $11) 22... Rf7 (22... Rfe8 $17 23. f3 Re6) 23. Rd2 $1 $11 Rfd7 24. Rad1 Bc4 ({Much weaker is} 24... Qxa3 $6 25. g5 $16) 25. g5 Bb3 {[%emt 0:17:37] The position is equal.} (25... Qxa3 $2 26. gxf6 Qa4 27. Qg5 $18) (25... fxg5 $5 26. e5 (26. Qxg5 Bb3 $15) 26... Be6 27. Qxg5 Qe4 $11) 26. Be7 Rxd2 (26... Rxe7 $2 {is the wrong capture.} 27. Rxd8+ Re8 28. R1d7 $18) 27. Rxd2 Rxd2 28. Qxd2 Kf7 29. gxf6 Qxe4 30. Qg5 Qg6 31. fxg7 {[%emt 0:00:08] Weighted Error Value: White=0.07 (flawless) /Black=0.07 (flawless) .  Mistake:       	White=1     	Black=1      OK:         	White=7     	Black=10     Best:        	White=2     	---        Strong:       	White=1     	---} 1/2-1/2

[Event "NY Presidents Day GM-A 2024"]
[Site "New York"]
[Date "2024.02.18"]
[Round "5.4"]
[White "Rorrer, Grayson"]
[Black "Lenderman, Aleksandr"]
[Result "1/2-1/2"]
[ECO "B94"]
[WhiteElo "2396"]
[BlackElo "2521"]
[Annotator "TA"]
[PlyCount "87"]
[EventDate "2024.02.14"]
[EventType "tourn"]
[EventCountry "USA"]
[SourceTitle "playchess.com"]
[Source "ChessBase"]
[SourceQuality "1"]
[TimeControl "5400+30"]

1. e4 c5 2. Nf3 d6 3. d4 cxd4 4. Nxd4 Nf6 5. Nc3 a6 6. Bg5 Nbd7 7. Be3 e6 8. g4 h6 9. a4 b6 10. h4 Bb7 11. Bg2 Ne5 12. g5 hxg5 13. hxg5 Rxh1+ 14. Bxh1 Nfd7 15. b3 Qc7 16. Qd2 Rc8 17. Nde2 Ng4 18. Bd4 (18. Bf4 {keeps more tension.} Qc5 19. f3 Qf2+ 20. Kd1) 18... e5 19. Be3 Nxe3 20. Qxe3 Nc5 21. Nd5 Bxd5 22. exd5 Be7 23. Kd2 b5 (23... g6 $15) 24. axb5 $11 axb5 25. g6 fxg6 26. b4 Na4 27. Qd3 Qc4 ({Reject} 27... Kf7 $6 28. Be4 Bg5+ 29. Ke1 $16) 28. c3 Qxd3+ (28... Bg5+ {looks sharper.} 29. Kc2 Qxd3+ 30. Kxd3 Bh4) 29. Kxd3 Kf7 30. Be4 Bf6 31. Kc2 Rc7 32. f3 g5 33. Kb3 g6 34. Bd3 Nxc3 $2 {[%emt 0:01:15][%mdl 8192] [#]} 35. Nxc3 $2 {[%emt 0:01:12] [#]} ({White has to play} 35. Rc1 $1 $18 Nxd5 36. Be4 (36. Bxb5 $2 {is the wrong capture.} Rxc1 37. Nxc1 Ne3 $19)) 35... Rxc3+ $1 {[%emt 0:03:07] The position is equal.} 36. Kxc3 e4+ 37. Kd2 Bxa1 38. Bxe4 {[%emt 0:00:07][%mdl 4096] Endgame. KB-KB} Kf6 39. Bd3 Ke5 40. Bxb5 Kd4 41. Bd3 Bc3+ 42. Ke2 Bxb4 43. Bxg6 Kxd5 44. Kd3 {[%emt 0:00:05] Weighted Error Value: White=0.16 (very precise) /Black=0.12 (very precise) .  Loses game:     	---       	Black=1      Missed win:     	White=1     	---        Mistake:       	---       	Black=1      Inaccurate:     	White=4     	Black=1      OK:         	White=18    	Black=21     Best:        	White=2     	Black=4} 1/2-1/2

[Event "NY Presidents Day GM-A 2024"]
[Site "New York"]
[Date "2024.02.18"]
[Round "5.5"]
[White "Kaliksteyn, Alexander"]
[Black "Mandizha, Farai"]
[Result "0-1"]
[ECO "A29"]
[WhiteElo "2363"]
[BlackElo "2367"]
[Annotator "TA"]
[PlyCount "70"]
[EventDate "2024.02.14"]
[EventType "tourn"]
[EventCountry "USA"]
[SourceTitle "playchess.com"]
[Source "ChessBase"]
[SourceQuality "1"]
[TimeControl "5400+30"]

1. c4 e5 2. Nc3 Nc6 3. Nf3 Nf6 4. g3 Bc5 5. Bg2 d6 6. O-O a6 7. e3 O-O 8. b3 Ba7 9. Bb2 Bg4 {[%emt 0:05:26] [#] Weiss muss nun ...e4 beachten.} 10. h3 {[%emt 0:01:00] Weiß steht etwas besser.} Bd7 11. d4 exd4 12. exd4 Re8 13. Qd2 Rb8 14. Rfe1 b5 15. Rxe8+ Bxe8 16. Re1 bxc4 17. bxc4 Na5 18. Bf1 Bd7 19. Nd1 Nc6 20. d5 Ne7 21. Bxf6 gxf6 22. Nc3 (22. Qh6 {sieht schärfer aus.} Ng6 23. Bd3 Qf8 24. Qh5) 22... Ng6 23. Ne2 Bc5 24. Qc1 Ne5 25. Ned4 Qf8 26. Re4 Qg7 $36 {[%emt 0:00:00][%mdl 2048] Schwarz hat Initiative.} 27. Kg2 (27. Nh4 $11) 27... f5 28. Rh4 {[%emt 0:08:16][%mdl 8192] Der Zug kostet die Partie für Weiß.} (28. Re2 $11) 28... Nxf3 $19 ({Weniger gut wäre} 28... Ng6 29. Nb3 $19) 29. Nxf3 Rb2 30. Nd2 Rxa2 {[%emt 0:00:00] Und jetzt ...Qb2 wäre schön.} 31. Rf4 Qb2 32. Qe1 Qxd2 33. Qe7 Qe3 34. Qxd7 Rxf2+ 35. Kh1 {[%emt 0:00:02] [#]} Rh2+ $3 {[%emt 0:00:00][%mdl 512] Gewichteter Fehlerwert: Weiß=0.77/Schwarz=0.17 (sehr präzise) .  Verlustzug:     	Weiß=1     	---        Fehler:       	Weiß=1     	---        Ungenau:       	Weiß=2     	Schwarz=2     OK:         	Weiß=9     	Schwarz=11    Bester:       	---       	Schwarz=1} 0-1

[Event "NY Presidents Day GM-A 2024"]
[Site "New York"]
[Date "2024.02.18"]
[Round "6.1"]
[White "Lu, Maximillian"]
[Black "Mandizha, Farai"]
[Result "0-1"]
[ECO "D79"]
[WhiteElo "2371"]
[BlackElo "2367"]
[Annotator "TA"]
[PlyCount "62"]
[EventDate "2024.02.14"]
[EventType "tourn"]
[EventCountry "USA"]
[SourceTitle "playchess.com"]
[Source "ChessBase"]
[SourceQuality "1"]
[TimeControl "5400+30"]

1. Nf3 Nf6 2. c4 g6 3. Nc3 Bg7 4. g3 c6 5. Bg2 d5 6. cxd5 cxd5 7. d4 Ne4 8. Bf4 Nc6 9. O-O O-O 10. Rc1 Bf5 11. Ne5 Nxe5 12. Bxe5 Bh6 13. e3 {[%emt 0:01:55] Weiß hat minimalen Vorteil.} Rc8 14. Nxe4 dxe4 15. g4 Rxc1 16. Qxc1 Bxg4 17. Bxe4 Bh3 18. Bxb7 (18. Re1 $15) 18... Bxf1 $17 19. Qxf1 Qb6 {[%emt 0:02:09] Wehrt Qb5 ab} 20. Qa6 Qxb2 21. Qxa7 Qb1+ (21... Bg7 $17 22. Bg3 Bf6) 22. Kg2 $15 Qc2 $36 {[%emt 0:00:56][%mdl 2048] Schwarz steht aktiver.} 23. Kg3 (23. Kf1 $15) 23... Bg7 24. Bf4 {[%emt 0:05:28][%mdl 8192] [#] Danach ist Weiß chancenlos.} (24. Bxg7 $17 Kxg7 25. Bf3) 24... g5 $1 $19 25. Bxg5 Qg6 26. Kh4 (26. h4 $142 h6 27. f4) 26... Kh8 27. Qc5 (27. Qa6 $142 Bf6 28. f4 (28. Bxf6+ $2 exf6 29. Qb5 Rg8 $19)) 27... Rg8 {[%emt 0:01:06] Zielt auf ...Bf6 ab.} 28. Kh3 Bh6 {[%emt 0:02:02] [#] ...Qh5+ ist eine echte Drohung.} 29. f4 Qh5+ 30. Kg3 Bxg5 31. Bf3 Bh4+ {[%emt 0:00:28] Gewichteter Fehlerwert: Weiß=1.50/Schwarz=0.20 (präzise) .  Verlustzug:     	Weiß=1     	---        Fehler:       	Weiß=4     	Schwarz=1     Ungenau:       	Weiß=4     	Schwarz=1     OK:         	Weiß=4     	Schwarz=4     Bester:       	---       	Schwarz=5     Brilliant:      	---       	Schwarz=1} 0-1

[Event "NY Presidents Day GM-A 2024"]
[Site "New York"]
[Date "2024.02.18"]
[Round "6.2"]
[White "Lenderman, Aleksandr"]
[Black "Kaliksteyn, Alexander"]
[Result "1-0"]
[ECO "A13"]
[WhiteElo "2521"]
[BlackElo "2363"]
[Annotator "TA"]
[PlyCount "87"]
[EventDate "2024.02.14"]
[EventType "tourn"]
[EventCountry "USA"]
[SourceTitle "playchess.com"]
[Source "ChessBase"]
[SourceQuality "1"]
[TimeControl "5400+30"]

1. c4 e6 2. g3 d5 3. Bg2 Nf6 4. Nf3 d4 5. O-O c5 6. e3 Nc6 7. exd4 cxd4 8. d3 Bd6 9. Bg5 h6 10. Bxf6 Qxf6 {[%emt 0:00:06] The position is equal.} 11. Nbd2 Qd8 12. a3 a5 13. Rc1 O-O 14. c5 Bc7 15. Re1 Re8 16. Nc4 Qe7 17. Nfd2 Bd7 18. Ne4 Reb8 19. Ned6 Ra6 20. a4 Bxd6 21. cxd6 Qd8 22. Qh5 Qg5 23. Qxg5 hxg5 24. Bxc6 Bxc6 25. Re5 Bd5 26. Rxg5 Rc6 27. b3 Rd8 28. Re1 b6 {[%emt 0:00:47] [#]} (28... f6 $11 29. Rg4 e5) 29. Rg4 $1 $16 {[%emt 0:02:43] White is more active.} Bxc4 30. bxc4 Rdxd6 {[%emt 0:00:30][%mdl 4096] Endgame. KRR-KRR} 31. Rg5 ({White should play} 31. Rge4) 31... f6 32. Rb5 Kf7 33. f4 f5 (33... Rc5 $16) 34. Kg2 Kf6 35. Kf3 (35. h4 $18) 35... g5 $2 {[%emt 0:00:35] Black cannot hold the game after this.} (35... Rc5 $16 36. h3 Rxb5 37. cxb5 Rd8) 36. g4 Rc5 $2 (36... fxg4+ {might work better.} 37. Kxg4 gxf4 38. Kxf4 Rd8) 37. Re5 (37. fxg5+ $142 Kxg5 38. h4+ Kg6 (38... Kxh4 $2 39. Rxc5 bxc5 40. Kf4 $18) 39. g5) 37... Rxb5 38. Rxb5 gxf4 $2 (38... fxg4+ 39. Kxg4 gxf4) 39. gxf5 $18 {[%emt 0:01:27] KR-KR} (39. Kxf4 fxg4 40. Rh5 (40. Kxg4 e5 $14) 40... Rd8 $16) 39... e5 40. Ke4 {[%emt 0:00:08] White is clearly winning.} f3 41. Rb2 {[%emt 0:00:11][%cal Oh2h4] [#] aiming for h4!} (41. Kxf3 Kxf5 42. Rb1 Rh6 $11) 41... Rc6 (41... Kf7 $142 42. Kxe5 Rh6) 42. h4 (42. Kxf3 Kxf5 43. h4 e4+ 44. dxe4+ Kf6 $14) 42... Rd6 43. h5 ({Less strong is} 43. Kxf3 Kxf5 44. Rh2 Rh6 $18) 43... Kg5 44. Rf2 {[%emt 0:00:13] Weighted Error Value: White=0.14 (very precise) /Black=0.35.  Mistake:       	White=3     	Black=6      Inaccurate:     	White=1     	Black=1      OK:         	White=12    	Black=10     Best:        	White=2     	---        Strong:       	White=1     	---} ({Inferior is} 44. Kxe5 Rf6 45. h6 (45. Kxd4 Kf4 $17) 45... Rxh6 $11) 1-0